 Dungeon Crawl Stone Soup version 0.20.1-1-g8b1a95d (webtiles) character file.

106 tmwrnj the Skirmisher (level 4, 0/60 HPs)
             Began as a Hill Orc Fighter on Sept 6, 2017.
             Slain by a water moccasin (6 damage)
             ... on level 2 of the Dungeon.
             The game lasted 00:06:57 (2650 turns).

tmwrnj the Skirmisher (Hill Orc Fighter)            Turns: 2650, Time: 00:06:57

Health: 0/60       AC: 22    Str: 19    XL:     4   Next: 84%
Magic:  4/4        EV:  2    Int:  8    God:
Gold:   108        SH:  9    Dex: 10    Spells: 3/3 levels left

rFire    . . .     SeeInvis .   o - +0 mace (protect)
rCold    . . .     Gourm    .   c - +0 shield
rNeg     + + +     Faith    .   (armour currently unavailable)
rPois    +         Spirit   .   (helmet currently unavailable)
rElec    .         Reflect  .   (cloak currently unavailable)
rCorr    .         Harm     .   (gloves currently unavailable)
MR       .....     NoTele   +   (boots currently unavailable)
Stlth    +.........             (no amulet)
Regen    0.2/turn               (no ring)
MPRegen  0.1/turn               (no ring)

@: lethally poisoned (0 -> -3), tree-form
A: no striking features
a: no special abilities


You were on level 2 of the Dungeon.
You were not hungry.
You were a tree.
You visited 1 branch of the dungeon, and saw 5 of its levels.

You collected 108 gold pieces.

Inventory:

Hand Weapons
 a - a +0 flail
 o - a +0 mace of protection (weapon)
Armour
 c - a +0 shield (worn)
 u - a cursed +0 plate armour (melded)
Scrolls
 b - 3 scrolls of remove curse {unknown}
 g - a scroll of enchant weapon {unknown}
 j - a scroll of identify {unknown}
 n - a scroll of recharging {unknown}
 p - a scroll of immolation {unknown}
 q - a scroll of teleportation {unknown}
 r - a scroll of magic mapping {unknown}
 t - a scroll of enchant armour {unknown}
Potions
 d - 2 potions of might
 e - a potion of resistance {unknown}
 h - 2 potions of heal wounds {unknown}
 i - 2 potions of invisibility {unknown}
 k - a potion of lignification
 l - a potion of brilliance {unknown}
Comestibles
 f - a bread ration
 m - 2 royal jellies


   Skills:
 + Level 4.1 Fighting
 + Level 3.4 Maces & Flails
 + Level 4.1 Armour
 + Level 0.4 Dodging
 + Level 4.0 Shields


You had 3 spell levels left.
You didn't know any spells.

Dungeon Overview and Level Annotations

Branches:
Dungeon (5/15)
 Temple: D:4-7

Altars:
Fedhas
Sif Muna

Shops:
D:4 ??

Annotations:
D:3 Sigmund


Message History

You closely miss the water moccasin.
The water moccasin is lightly wounded.
You feel sick.
The water moccasin bites you but does no damage. x2
You miss the water moccasin.
The water moccasin is lightly wounded.
You feel sick. You block the water moccasin's attack.
Your shield prevents you from hitting the water moccasin.
The water moccasin is lightly wounded.
You feel sick. The water moccasin barely misses you.
The water moccasin bites you but does no damage.
You barely miss the water moccasin.
The water moccasin is lightly wounded.
You feel sick. You block the water moccasin's attack.
The water moccasin bites you but does no damage.
You barely miss the water moccasin.
The water moccasin is lightly wounded.
The water moccasin bites you but does no damage.
The water moccasin bites you.
You die...

#..........# #..........#
#..........# #..........#
##...<....## ##.........##
####...........#
#.(............### #######
###♣###............. #.....#
##.S.###........##...
####.....####≈.≈≈.##........#8...
..##...........≈≈...........##...
..##.....###.≈._≈.###.......##...
..##.....#...≈≈.≈≈###.###.####...
...#.....#....≈≈≈≈....# #.# #8...
...##.####...#.###.###########...
...##.##...........####8###8##...


You could see a water moccasin.

Vanquished Creatures
  4 adders (D:2)
  3 oozes
  An adder skeleton (D:4)
  A worm (D:2)
  A dart slug (D:1)
  2 leopard geckos
  A ball python (D:1)
  3 giant cockroaches
  5 goblins
  2 hobgoblins
  4 jackals (D:2)
  8 bats
  3 frilled lizards
  10 kobolds
  3 rats
51 creatures vanquished.

Vanquished Creatures (others)
  4 toadstools (D:1)
4 creatures vanquished.

Grand Total: 55 creatures vanquished

Notes
Turn   | Place    | Note
-------+----------+-------------------------------------------
     0 | D:1      | tmwrnj the Hill Orc Fighter began the quest for the Orb.
     0 | D:1      | Reached XP level 1. HP: 19/19 MP: 1/1
   268 | D:1      | Reached XP level 2. HP: 19/27 MP: 2/2
   676 | D:2      | Reached XP level 3. HP: 30/33 MP: 3/3
  1081 | D:2      | Reached XP level 4. HP: 40/40 MP: 4/4
  1105 | D:2      | Found a blossoming altar of Fedhas.
  1909 | D:3      | Noticed a water moccasin
  1909 | D:3      | Noticed Sigmund
  1921 | D:4      | Found Vafeamos's Magic Scroll Emporium.
  1921 | D:4      | Found Putres's Magic Scroll Boutique.
  1921 | D:4      | Noticed a phantom
  1930 | D:5      | Entered Level 5 of the Dungeon
  1959 | D:5      | HP: 2/40 [phantom (8)]
  2574 | D:3      | Found a deep blue altar of Sif Muna.
  2591 | D:3      | Found a transporter.
  2595 | D:3      | Noticed a big kobold
  2603 | D:3      | Found a transporter.
  2650 | D:2      | Slain by a water moccasin

Skill      XL: |  1  2  3  4 |
---------------+-------------+-----
Maces & Flails | 3 |  3.4
Fighting       | 4 |  4.1
Armour         | 4 |  4.1
Shields        | 4 |  4.0
Dodging        | |  0.4

Action                   |  1- 3 |  4- 6 || total
-------------------------+-------+-------++-------
Melee: Flail             |   104 |    76 ||   180
       Mace              |       |    40 ||    40
  Use: Potion            |       |     1 ||     1
  Eat: Chunk             |     1 |     1 ||     2
       Royal jelly       |       |     2 ||     2
Armor: Scale mail        |    63 |    37 ||   100
       Plate armour      |       |    43 ||    43
       Skin              |       |    10 ||    10
Dodge: Dodged            |    45 |    39 ||    84
Block: Shield            |    76 |    65 ||   141
